 Dungeon Crawl Stone Soup version 0.29.1-1-gd02db6906a (webtiles) character file.

Game seed: 5953725744958879713

20 Ghostare the Grave Robber (level 3, -2/24 HPs)
             Began as a Human Necromancer on Sept 26, 2022.
             Slain by an adder (3 damage)
             ... on level 4 of the Dungeon.
             The game lasted 00:06:01 (1281 turns).

Ghostare the Grave Robber (Human Necromancer)       Turns: 1281, Time: 00:06:02

Health: -2/24      AC:  8    Str: 10    XL:     3   Next: 0%
Magic:  1/6        EV: 10    Int: 15    God:
Gold:   12         SH:  0    Dex: 13    Spells: 5/6 levels left

rFire   . . .      SeeInvis +   d - +0 club
rCold   . . .      Faith    .   (no shield)
rNeg    . . .      Spirit   .   h - +0 ring mail
rPois   .          Reflect  .   c - +2 helmet {SInv}
rElec   .          Harm     .   (no cloak)
rCorr   +          Rampage  .   (no gloves)
Will    .....                   (no boots)
Stlth   +.........              (no amulet)
HPRegen 0.08/turn               f - ring of resist corrosion
MPRegen 0.10/turn               (no ring)

@: no status effects
A: no striking features
a: no special abilities


You were on level 4 of the Dungeon.
You visited 1 branch of the dungeon, and saw 3 of its levels.

You collected 12 gold pieces.

Inventory:

Hand Weapons
 d - a +0 club (weapon)
 e - a +0 dagger
Armour
 a - a +0 robe
 c - a +2 helmet of see invisible (worn)
 g - a +0 chain mail
 h - a +0 ring mail (worn)
Jewellery
 f - a ring of resist corrosion (left hand)
Potions
 b - a potion of magic


   Skills:
 + Level 0.3 Fighting
 + Level 0.1 Maces & Flails
 + Level 2.2 Dodging
 + Level 2.0 Stealth
 + Level 2.1 Spellcasting
 + Level 4.4 Necromancy


You had 5 spell levels left.
You knew the following spells:

 Your Spells              Type           Power      Damage    Failure   Level
a - Necrotise             Necr           56%        1d6       10%         1

Your spell library contained the following spells:

 Spells                   Type           Power      Damage    Failure   Level
 Vampiric Draining        Necr           14%        2d7       28%         3
 Animate Dead             Necr           14%        N/A       67%         4
 Agony                    Necr           14%        N/A       95%         5


Dungeon Overview and Level Annotations

Branches:
Dungeon (2/15)

Altars:


Message History

You barely miss the adder.
The adder is heavily wounded.
The adder bites you.
* * * LOW HITPOINT WARNING * * *
The adder barely misses you.
Casting: Necrotise (safe; 10% risk of failure)
Confirm with . or Enter, or press ? or * to list all spells.
Aiming: Necrotise (safe; 10% risk of failure)
Press: ? - help, Shift-Dir - straight line, f/p - adder
Aim: an adder (heavily wounded, chance to affect: 78%)
The adder writhes in agony.
The adder closely misses you.
Casting: Necrotise (safe; 10% risk of failure)
Confirm with . or Enter, or press ? or * to list all spells.
Aiming: Necrotise (safe; 10% risk of failure)
Press: ? - help, Shift-Dir - straight line, f/p - adder
Aim: an adder (heavily wounded, chance to affect: 78%)
The adder writhes in agony.
The adder closely misses you.
Casting: Necrotise (safe; 10% risk of failure)
Confirm with . or Enter, or press ? or * to list all spells.
You don't have enough magic to cast this spell.
You barely miss the adder.
The adder is severely wounded.
The adder bites you but does no damage. The adder completely misses you.
You barely miss the adder.
The adder is heavily wounded.
The adder closely misses you. The adder bites you but does no damage.
You hit the adder but do no damage.
The adder is heavily wounded.
The adder completely misses you.
You closely miss the adder.
The adder is heavily wounded.
The adder misses you. The adder closely misses you.
You closely miss the adder.
The adder is heavily wounded.
The adder barely misses you. The adder bites you.
* * * LOW HITPOINT WARNING * * *
You hit the adder.
The adder is severely wounded.
The adder bites you.
You die...

###.......##..#
#...#
####..####..##.....
#### ##........#
#........#. .#
#.......... ...#
#........##
.....###....(.###
#.......###
.....##.@.### ...
##S## . #.# #.# ##.
. .# .#


You could see an adder.

Vanquished Creatures
  An adder (D:4)
  A dart slug (D:4)
  An endoplasm (D:4)
  A giant cockroach (D:4)
  A goblin (D:1)
  2 jackals (D:4)
  A ball python (D:4)
  A bat (D:2)
9 creatures vanquished.

Notes
Turn   | Place    | Note
-------+----------+-------------------------------------------
     0 | D:1      | Ghostare the Human Necromancer began the quest for the Orb.
     0 | D:1      | Reached XP level 1. HP: 13/13 MP: 3/3
   284 | D:2      | You fall into a shaft and drop 2 floors!
   551 | D:4      | Noticed a howler monkey
   573 | D:4      | Reached XP level 2. HP: 19/19 MP: 0/5
  1261 | D:4      | Reached XP level 3. HP: 20/24 MP: 4/6
  1280 | D:4      | HP: 1/24 [adder (3)]
  1281 | D:4      | Slain by an adder

Illustrated notes

Levels and vault maps discovered:
D:1:      arrival_zaba_pyramid, layout_loops_corners
D:2:      minmay_door_path, layout_basic, hellmonk_ecumenical_altar_run_dry,
          basic_altar, uniq_robin, uniq_terence
D:4:      layout_cave_pods, minmay_temple_entry_slanted

Action                   || total
-------------------------++-------
Melee: Club              ||    71
       Unarmed           ||     3
       Punch             ||     2
 Cast: Necrotise         ||    14
  Use: Scroll            ||     1
Armor: Robe              ||    24
       Ring mail         ||    25
Dodge: Dodged            ||    84
